 Dungeon Crawl Stone Soup version 0.31-a0-237-g2d982f9f85 (webtiles) character file.

Game seed: 7103342447696989636

2502 qw the Skirmisher (level 9, -11/79 HPs)
             Began as a Minotaur Hexslinger on July 10, 2023.
             Was a Follower of Okawaru.
             Killed from afar by an electric eel (13 damage)
             ... with a bolt of electricity
             ... on level 8 of the Dungeon.
             The game lasted 00:01:36 (5157 turns).

qw the Skirmisher (Minotaur Hexslinger)             Turns: 5157, Time: 00:01:36

Health: -11/79     AC: 11    Str: 15    XL:     9   Next: 28%
Magic:  7/9        EV: 17    Int: 10    God:    Okawaru [*.....]
Gold:   59         SH:  0    Dex: 21    Spells: 9/10 levels left

rFire   + . .        c - +8 storm bow {elec, penet}
rCold   + + .        (shield currently unavailable)
rNeg    . . .        d - +1 ring mail of the Past {Str+3 Dex+3 Stlth+}
rPois   +            (helmet restricted)
rElec   .            g - scarf {rC+ rF+}
rCorr   .            (no gloves)
SInv    .            f - +2 pair of boots
Will    .....        l - amulet of faith
Stlth   ++           p - ring of protection from cold
HPRegen 0.33/turn    q - ring of poison resistance
MPRegen 0.11/turn

%: faith
@: about to teleport, heroic, very slow
A: horns 2, retaliatory headbutt
a: Renounce Religion, Heroism


You were on level 8 of the Dungeon.
You worshipped Okawaru.
Okawaru was aware of your devotion.
You visited 2 branches of the dungeon, and saw 9 of its levels.

You collected 379 gold pieces.
You spent 320 gold pieces at shops.


Innate Abilities, Weirdness & Mutations

You have a pair of horns on your head.
You reflexively headbutt those who attack you in melee.


   Skills:
 - Level 7.2(12.2) Fighting
 - Level 11.0(16.0) Ranged Weapons
 - Level 2.4(7.4) Armour
 + Level 4.9(9.9) Dodging
 - Level 1.0 Spellcasting
 - Level 2.0 Hexes
 + Level 1.2 Invocations


You had 9 spell levels left.
You knew the following spells:

 Your Spells              Type           Power      Damage    Failure   Level
a - Slow                  Hex            16%        N/A       26%         1

Your spell library contained the following spells:

 Spells                   Type           Power      Damage    Failure   Level
 Inner Flame              Hex/Fire       2%         N/A       77%         3
 Portal Projectile        Hex/Tloc       4%         N/A       77%         3
 Cause Fear               Hex            2%         N/A       95%         4

Inventory:

Hand Weapons
 c - the +8 storm bow (weapon) {elec, penet}
   (You acquired it on level 1 of the Dungeon)
Armour
 d - the +1 ring mail of the Past (worn) {Str+3 Dex+3 Stlth+}
   (You took it off an orc on level 3 of the Dungeon)

   Str:       It affects your strength (+3).
   Dex:       It affects your dexterity (+3).
   Stlth:     It makes you more stealthy.
 f - a +2 pair of boots (worn)
 g - a scarf of resistance (worn)
 i - a +0 cloak
 o - a +1 robe of fire resistance
Jewellery
 k - an amulet of reflection
 l - an amulet of faith (around neck)
 p - a ring of protection from cold (left hand)
 q - a ring of poison resistance (right hand)
Scrolls
 a - 4 scrolls of teleportation
Potions
 b - a potion of heal wounds {unknown}
 e - a potion of haste {unknown}
 h - a potion of curing
 j - a potion of lignification {unknown}
 m - a potion of mutation {unknown}
 n - a potion of attraction {unknown}
 r - a potion of resistance

Dungeon Overview and Level Annotations

Branches:
Dungeon (8/15)             Temple (1/1) D:7
   Lair: D:8-11

Altars:
Ashenzari
Elyvilon
Hepliaklqana
Kikubaaqudgha
Makhleb
Nemelex Xobeh
Okawaru
Qazlal
Sif Muna
Trog
Wu Jian
Xom
Zin
The Shining One

Shops:
D:5 [   D:7 *


Message History

You gain the combat prowess of a mighty hero.
The yak gores you!
The electric eel shoots out a bolt of lightning at you!
The bolt of electricity hits you!
You shoot an arrow.
The arrow pierces through the yak but does no damage.
The arrow pierces through the plant.
The plant begins to die.
The plant is lightly damaged.
The yak closely misses you. You furiously retaliate!
You headbutt the yak!
The electric eel shoots out a bolt of lightning at you!
The bolt of electricity hits you!
You shoot an arrow. The arrow barely misses the yak.
The arrow pierces through the plant!!
The plant is lightly damaged.
The yak closely misses you.
The electric eel shoots out a bolt of lightning at you!
The bolt of electricity hits you.
You shoot an arrow. The arrow pierces through the yak!
The yak is severely wounded.
The arrow pierces through the plant!
The plant is moderately damaged.
The yak gores you but does no damage.
The electric eel shoots out a bolt of lightning at you!
The bolt of electricity hits you!
5155 ||| READING 5 scrolls of teleportation.
As you read the scroll of teleportation, it crumbles to dust.
You feel strangely unstable.
A nearby plant withers and dies.
The yak closely misses you.
The electric eel shoots out a bolt of lightning at you!
The bolt of electricity hits you!
You shoot an arrow. The arrow pierces through the yak!!
You kill the yak!
Okawaru accepts your kill.
Your Invocations skill increases to level 1!
You shoot an arrow.
The arrow pierces through the electric eel.
The electric eel is moderately wounded.
The electric eel shoots out a bolt of lightning at you!
The bolt of electricity hits you!
You die...

7~~~~~~....~~
7~~~~~~!...~P
~~~~~~...~~~ ~~~~~~..~~7
7~~~~~...7# ..
7~~~~~....#
...7~S%~~....# ....7~@P7
....7~P~7#####
.....7P7.....#
......7......# ..
##########.......#
.....##.......##.......#
.......................#
.>.....................#
..............##......##


You could see an electric eel.

Vanquished Creatures
  Sigmund (D:2)
  4 yaks (D:8)
  Eustachio (D:5)
  2 steam dragons (D:6)
  2 ice beasts
  Duvessa (D:4)
  2 black bears (D:6)
  2 bullfrogs
  Dowan (D:5)
  3 killer bees (D:7)
  2 hounds
  3 orc priests
  2 jellies
  3 iguanas
  Ijyb (D:3)
  4 orc wizards
  6 adders
  A shadow imp (D:6)
  A white imp (D:6)
  2 ufetubi
  A worm (D:2)
  4 dart slugs
  22 orcs
  3 endoplasms
  A giant cockroach (D:4)
  2 goblins
  11 hobgoblins
  8 jackals
  3 quokkas
  3 ball pythons
  5 bats
  6 frilled lizards
  5 kobolds
  2 rats
120 creatures vanquished.

Notes
Turn   | Place    | Note
-------+----------+-------------------------------------------
     0 | D:1      | qw the Minotaur Hexslinger began the quest for the Orb.
     0 | D:1      | Reached XP level 1. HP: 16/16 MP: 1/1
     0 | D:1      | 0 ||| qw: Version: 0.3-a-52-g30416fa
     0 | D:1      | 0 ||| qw: Game counter: 5277
     0 | D:1      | 0 ||| qw: Melee chars always use a shield: true
     0 | D:1      | 0 ||| qw: God list: Okawaru
     0 | D:1      | 0 ||| qw: Allow faded altars: false
     0 | D:1      | 0 ||| qw: Do Orc after clearing Dungeon:15 true
     0 | D:1      | 0 ||| qw: Do second Lair branch before Depths: true
     0 | D:1      | 0 ||| qw: Lair rune preference: random
     0 | D:1      | 0 ||| qw: Goals: Normal
     0 | D:1      | 0 ||| PLANNING D:1-11
    86 | D:1      | Found a faded altar of an unknown god.
   206 | D:1      | Reached skill level 3 in Ranged Weapons
   211 | D:1      | Reached XP level 2. HP: 8/23 MP: 2/2
   832 | D:1      | 832 ||| UPGRADING to +0 ring mail.
   842 | D:1      | 842 ||| DROPPING +0 robe.
   843 | D:1      | 843 ||| UPGRADING to +0 cloak.
   848 | D:1      | 848 ||| READING 2 scrolls labelled ECEUVA CEGUJO.
   852 | D:1      | 852 ||| READING scroll labelled RULYNO ZYXKI.
   853 | D:1      | 853 ||| READING scroll labelled MORCHUT TIUNULL.
   854 | D:1      | 854 ||| READING scroll labelled TEQUWAVOG.
   854 | D:1      | Identified a scroll of acquirement
   854 | D:1      | 854 ||| ACQUIRING +8 storm bow {elec, penet}
   854 | D:1      | Acquired the +8 storm bow {elec, penet}
   854 | D:1      | Found the +8 storm bow {elec, penet}
   856 | D:1      | 856 ||| SWAPPING to +8 storm bow {elec, penet}.
   857 | D:1      | 857 ||| DROPPING +2 sling.
   858 | D:1      | 858 ||| READING scroll labelled MOPAITSA XUPOE.
   859 | D:1      | 859 ||| DROPPING scroll of poison.
   909 | D:2      | Reached XP level 3. HP: 29/29 MP: 3/3
  1173 | D:2      | Noticed Sigmund
  1175 | D:2      | Killed Sigmund
  1176 | D:2      | Reached skill level 6 in Ranged Weapons
  1176 | D:2      | Reached XP level 4. HP: 33/36 MP: 4/4
  1176 | D:2      | Reached XP level 5. HP: 38/41 MP: 5/5
  1242 | D:2      | Reached skill level 1 in Armour
  1577 | D:2      | 1577 ||| UPGRADING to scarf of resistance.
  1587 | D:2      | 1587 ||| READING scroll labelled VAEWEE BYABUFF.
  1666 | D:3      | Reached skill level 3 in Fighting
  1684 | D:3      | Reached XP level 6. HP: 51/51 MP: 6/6
  1693 | D:3      | Identified the +1 ring mail of the Past {Str+3 Dex+3
                  | Stlth+}
  1792 | D:3      | Found a glowing golden altar of the Shining One.
  1792 | D:3      | Found a glowing silver altar of Zin.
  1793 | D:3      | Found a white marble altar of Elyvilon.
  1961 | D:3      | Found an ancient bone altar of Kikubaaqudgha.
  2090 | D:3      | Found a shimmering blue altar of Sif Muna.
  2168 | D:3      | Noticed Ijyb
  2170 | D:3      | Killed Ijyb
  2252 | D:3      | 2252 ||| Stepping ~*~*~tactically~*~*~ (outnumbered).
  2699 | D:3      | 2699 ||| UPGRADING to +1 ring mail of the Past {Str+3 Dex+3
                  | Stlth+}.
  2709 | D:3      | 2709 ||| DROPPING +0 ring mail.
  2710 | D:3      | 2710 ||| UPGRADING to amulet of reflection.
  2715 | D:3      | 2715 ||| UPGRADING to amulet of faith.
  2725 | D:3      | 2725 ||| READING scroll labelled ITSUFO ITWERPHI.
  2826 | D:3      | 2826 ||| READING scroll labelled TUKIUHYZX BAIG.
  2884 | D:4      | Reached skill level 7 in Ranged Weapons
  2909 | D:4      | 2909 ||| Stepping ~*~*~tactically~*~*~ (outnumbered).
  2911 | D:4      | 2911 ||| Stepping ~*~*~tactically~*~*~ (outnumbered).
  2913 | D:4      | 2913 ||| Stepping ~*~*~tactically~*~*~ (outnumbered).
  2918 | D:4      | Reached XP level 7. HP: 59/59 MP: 7/7
  2948 | D:4      | Found a bloodstained altar of Trog.
  3083 | D:4      | Found a hazy altar of Hepliaklqana.
  3163 | D:4      | 3163 ||| DROPPING scarf of shadows.
  3164 | D:4      | 3164 ||| READING 2 scrolls labelled QYTWITH DOSHU.
  3165 | D:4      | 3165 ||| READING scroll labelled TEUSCHEANIA.
  3166 | D:4      | 3166 ||| DROPPING scroll of blinking.
  3180 | D:5      | Entered Level 5 of the Dungeon
  3180 | D:5      | Noticed Duvessa
  3180 | D:5      | Noticed Dowan
  3180 | D:5      | Found Uraul's Armour Boutique.
  3183 | D:5      | Killed Dowan
  3184 | D:5      | 3184 ||| STAIRDANCE
  3187 | D:4      | Killed Duvessa
  3188 | D:4      | Reached skill level 8 in Ranged Weapons
  3286 | D:5      | 3286 ||| BUYING +2 pair of boots (181 gold).
  3286 | D:5      | Bought a +2 pair of boots for 181 gold pieces
  3286 | D:5      | 3286 ||| SHOPLISTING +2 ring mail of fire resistance (231
                  | gold, have 23).
  3317 | D:5      | Noticed Eustachio
  3321 | D:5      | Killed Eustachio
  3322 | D:5      | Reached skill level 3 in Dodging
  3577 | D:5      | 3577 ||| UPGRADING to +2 pair of boots.
  3684 | D:6      | Reached XP level 8. HP: 68/68 MP: 8/8
  3691 | D:6      | Reached skill level 9 in Ranged Weapons
  3746 | D:6      | Reached skill level 6 in Fighting
  4144 | D:6      | Reached skill level 10 in Ranged Weapons
  4163 | D:6      | 4163 ||| READING scroll labelled ESU MEGIARAAF.
  4187 | D:7      | Found Enlophas's Fire Supplies.
  4214 | D:7      | 4214 ||| BUYING +1 robe of fire resistance (139 gold).
  4214 | D:7      | Bought a +1 robe of fire resistance for 139 gold pieces
  4214 | D:7      | 4214 ||| SHOPLISTING ring of protection from fire (275
                  | gold, have 9).
  4257 | D:7      | Found a staircase to the Ecumenical Temple.
  4258 | D:7      | 4258 ||| PLANNING TEMPLE
  4258 | D:7      | 4258 ||| UPGRADING to ring of protection from cold.
  4369 | Temple   | Entered the Ecumenical Temple
  4370 | Temple   | 4370 ||| PLANNING OKAWARU WORSHIP
  4389 | Temple   | Became a worshipper of Warmaster Okawaru
  4390 | Temple   | 4390 ||| PLANNING D:1-11
  4540 | D:7      | Found a broken altar of Ashenzari.
  5062 | D:7      | 5062 ||| UPGRADING to ring of poison resistance.
  5063 | D:7      | 5063 ||| DRINKING 2 silvery potions.
  5142 | D:8      | 5142 ||| DRINKING 2 golden potions.
  5149 | D:8      | Reached XP level 9. HP: 68/79 MP: 9/9
  5150 | D:8      | Reached * piety under Okawaru
  5151 | D:8      | Reached skill level 11 in Ranged Weapons
  5151 | D:8      | 5151 ||| INVOKING Heroism.
  5154 | D:8      | HP: 11/79 [electric eel/bolt of electricity (10)]
  5155 | D:8      | 5155 ||| READING 5 scrolls of teleportation.
  5155 | D:8      | HP: 1/79 [electric eel/bolt of electricity (10)]
  5157 | D:8      | Reached skill level 1 in Invocations
  5157 | D:8      | Killed from afar by an electric eel

Levels and vault maps discovered:
D:1:      eino_arrival_water_star, layout_basic,
          shapermc_ecumenical_altar_totnotflames
D:2:      layout_basic, uniq_sigmund
D:3:      layout_loops_corners, good_gods_temple_1,
          lemuel_coloured_pillars_altar, mainiacjoe_overflow_surrounded_room,
          minmay_misc_feat_room, uniq_ijyb
D:4:      layout_basic, mainiacjoe_overflow_brackets,
          mainiacjoe_overflow_alcove_4
D:5:      layout_rooms, serial_shops, shop, uniq_duvessa, uniq_eustachio
D:6:      minmay_skewed_foursquare, layout_cave_pools,
          kennysheep_generic_room_15
D:7:      layout_basic, ashenzari_conservatory_becter,
          minmay_temple_entry_arrows, nicolae_benzene_ring,
          wad_floor_pattern_untrapped, chequers_arboretum,
          nicolae_shop_fire_sale [nicolae_sub_dead_trees]
D:8:      layout_gridville, nicolae_vehumet_radiance, lair_entry_dummy,
          serial_bayou_ford_a
Temple:   hellmonk_temple_rainy

Skill      XL: |  1  2  3  4  5  6  7  8  9 |
---------------+----------------------------+-----
Ranged Weapons | 3 6 7 8 10 11 | 11.0
Fighting       | 2 3 4 5 7 |  7.2
Armour         | 1 2 |  2.4
Dodging        | 3 4 |  4.9
Invocations    | 1 |  1.2
Spellcasting   | |  1.0
Hexes          | |  2.0

Action                     |  1- 3 |  4- 6 |  7- 9 || total
---------------------------+-------+-------+-------++-------
   Fire: Sling             |    64 |       |       ||    64
         Longbow           |    15 |    83 |    89 ||   187
 Invoke: Heroism           |       |       |     1 ||     1
    Use: Scroll            |     5 |     3 |     4 ||    12
         Potion            |       |       |     2 ||     2
 Armour: Robe              |     9 |       |       ||     9
         Ring mail         |       |    18 |    11 ||    29
  Dodge: Dodged            |    23 |     8 |    19 ||    50

Table legend:
 A = Non-vault XP
 B = Vault XP
 C = Vault XP percentage of total XP
 D = Non-vault monster count
 E = Vault monster count
 F = Vault count percentage of total count
                 A         B        C        D         E       F
            +---------+---------+-------+---------+---------+-------
      Total |    2899 |     676 |  18.9 |     113 |       7 |   5.8
            +---------+---------+-------+---------+---------+-------
        D:1 |      35 |       0 |   0.0 |      21 |       0 |   0.0
        D:2 |      67 |     226 |  77.1 |      19 |       1 |   5.0
        D:3 |     233 |      36 |  13.4 |      24 |       1 |   4.0
        D:4 |     143 |     138 |  49.1 |      14 |       1 |   6.7
        D:5 |      96 |     262 |  73.2 |       4 |       2 |  33.3
        D:6 |    1041 |      14 |   1.3 |      14 |       2 |  12.5
        D:7 |     465 |       0 |   0.0 |      13 |       0 |   0.0
        D:8 |     819 |       0 |   0.0 |       4 |       0 |   0.0
            +---------+---------+-------+---------+---------+-------
